AoeStats
← manteldon

Arabia

510766219Analyzed
1v1 RM · 22h ago on Oct 2, 2026· 44m 22s· 2 players
Game mode
Random Map
Map size
Tiny (2 player)
Population
200
Speed
Normal
Resources
Standard
Victory
Conquest
Starting age
Dark Age
Ending age
Imperial Age
RankedLock teamsTeams togetherTeam positionsShared explorationLock speedFull tech treeHidden civsTurbo modeCheats
Victory
Defeat
🇦🇷 Mongols · Argentina
1809
+16
🇩🇪 Bulgarians · Germany
1817
-16
★ DrumM ❿
5:51 Loom
8:32 Feudal Age
10:25 Double-Bit Axe
10:49 Horse Collar
17:41 Stone Mining
20:22 Castle Age
18:19 Fletching
19:24 Padded Archer Armor
20:00 Gold Mining
21:11 Bodkin Arrow
21:30 Bow Saw
21:21 Heavy Plow
21:47 Bodkin Arrow
24:12 Wheelbarrow
25:29 Husbandry
28:36 Ballistics
29:27 Thumb Ring
35:12 Hand Cart
37:30 Imperial Age
36:58 Leather Archer Armor
36:55 Bloodlines
37:07 Light Cavalry
37:53 Scale Barding Armor
38:33 Masonry
38:24 Bracer
39:25 Chemistry
40:18 Chain Barding Armor
40:09 Forging
40:58 Conscription
40:19 Hussar
42:24 Iron Casting
43:01 Elite Mangudai
manteldon
6:23 Loom
9:19 Feudal Age
10:58 Horse Collar
11:05 Double-Bit Axe
19:22 Castle Age
18:09 Scale Barding Armor
18:45 Bloodlines
20:23 Chain Barding Armor
20:40 Bow Saw
24:31 Forging
26:23 Wheelbarrow
26:17 Fletching
30:12 Hand Cart
30:38 Ballistics
31:03 Bodkin Arrow
31:08 Padded Archer Armor
30:37 Elite Skirmisher
34:47 Imperial Age
32:48 Stone Mining
32:49 Gold Mining
35:08 Leather Archer Armor
36:02 Bracer
38:23 Chemistry
37:40 Heavy Plow
39:06 Plate Barding Armor
37:59 Light Cavalry
39:40 Iron Casting
39:32 Conscription
40:17 Hussar
40:57 Husbandry
42:35 Blast Furnace
41:58 Stirrups
Connection lost

Rejoining the realm…

Still unreachable

The connection could not be restored.

Session expired

The server has moved on; the page needs a fresh start.